PIO (24 & UNDER)
JASPER COUGARS @ CHULA VISTA TACOS
05/23/2030
 
TOP OF THE 1ST
Jasper Cougars batting - Pitching for Chula Vista Tacos : RHP Hoyt Baldwin
Pitching: RHP Hoyt Baldwin
Batting: RHB Júlio González 0-0: Ball
1-0: Swinging Strike
1-1: Swinging Strike
1-2: Ball
2-2: Foul Ball, location: 2F
2-2: Ball
3-2: Base on Balls
Batting: RHB Félix Sandoval 0-0: Ball
1-0: Ball
2-0: DOUBLE (Line Drive, 8LD)
Júlio González to third
Batting: LHB Iván Soriano 0-0: Swinging Strike
0-1: Foul Ball, location: 2F
0-2: Foul Ball, location: 2F
0-2: Ball
1-2: Ball
2-2: Foul Ball, location: 2F
2-2: Foul Ball, location: 2F
2-2: Ground out 6-3 (Groundball, 6M)
Júlio González scores
Félix Sandoval to third
Batting: LHB Luis García 0-0: Swinging Strike
0-1: SINGLE (Groundball, 4S) (infield hit)
Félix Sandoval scores
Batting: RHB Ben Wilson 0-0: Ball
1-0: Called Strike
1-1: Ball
2-1: Swinging Strike
2-2: Strikes out swinging
Batting: SHB Jerry Young 0-0: Foul Ball, location: 2F
0-1: SINGLE (Groundball, 56D)
Luis García to second
Batting: RHB Brent Allen 0-0: Fly out, F3 (Popup, 3L)
Top of the 1st over - 2 runs, 3 hits, 0 errors, 2 left on base; Jasper 2 - Chula Vista 0
BOTTOM OF THE 1ST
Chula Vista Tacos batting - Pitching for Jasper Cougars : LHP Logan Brown
Pitching: LHP Logan Brown
Batting: RHB Gonzalo García 0-0: Ball
1-0: Ball
2-0: Called Strike
2-1: Fly out, F5 (Line Drive, 56S)
Batting: RHB Miguel Murillo 0-0: Ball
1-0: Called Strike
1-1: Ball
2-1: Ball
3-1: Ground out 5-3 (Groundball, 56)
Batting: RHB Valentín Saldaña 0-0: Ball
1-0: Ball
2-0: SINGLE (Groundball, 34D)
Batting: RHB Nelson Wright 0-0: Called Strike
0-1: Swinging Strike
0-2: Strikes out swinging
Bottom of the 1st over - 0 runs, 1 hit, 0 errors, 1 left on base; Jasper 2 - Chula Vista 0
TOP OF THE 2ND
Jasper Cougars batting - Pitching for Chula Vista Tacos : RHP Hoyt Baldwin
Batting: RHB Alberto Morín 0-0: Hit by Pitch
Batting: RHB Alberto Castillo 0-0: Foul Ball, location: 2F
0-1: Ball
1-1: Ball
Alberto Morín steals 2nd base
2-1: TRIPLE (Line Drive, 8RXD)
Alberto Morín scores
Batting: RHB Júlio González 0-0: Ball
1-0: Foul Ball, location: 2F
1-1: Foul Ball, location: 2F
1-2: Strikes out swinging
Batting: RHB Félix Sandoval 0-0: Called Strike
0-1: Ball
1-1: Fly out, F6 (Line Drive, 56D)
Batting: LHB Iván Soriano 0-0: Ball
1-0: Called Strike
1-1: Called Strike
1-2: Ball
2-2: Ground out 5-3 (Groundball, 56)
Top of the 2nd over - 1 run, 1 hit, 0 errors, 1 left on base; Jasper 3 - Chula Vista 0
BOTTOM OF THE 2ND
Chula Vista Tacos batting - Pitching for Jasper Cougars : LHP Logan Brown
Batting: RHB Dan Salazar 0-0: Called Strike
0-1: Ball
1-1: Ball
2-1: Swinging Strike
2-2: Ball
3-2: Base on Balls
Batting: SHB Tony Varela 0-0: DOUBLE (Line Drive, 7LM)
Dan Salazar to third
Batting: LHB Jean Beauchemin 0-0: Swinging Strike
0-1: Ground out 3-1 (Groundball, 34)
Dan Salazar scores
Tony Varela to third
Batting: RHB Guillermo Deleón 0-0: Ball
1-0: Ball
2-0: Ball
3-0: Called Strike
3-1: Fly out, F6 (Line Drive, 6M)
Batting: LHB Joe Lowery 0-0: Ball
1-0: Called Strike
1-1: Called Strike
1-2: Foul Ball, location: 2F
1-2: Ball
2-2: Ball
3-2: Foul Ball, location: 2F
3-2: Fly out, F4 (Line Drive, 4M)
Bottom of the 2nd over - 1 run, 1 hit, 0 errors, 1 left on base; Jasper 3 - Chula Vista 1
TOP OF THE 3RD
Jasper Cougars batting - Pitching for Chula Vista Tacos : LHP Bartolo Medine
Pitching: LHP Bartolo Medine
Batting: LHB Luis García 0-0: Ball
1-0: Fly out, F7 (Flyball, 7LMF)
Batting: RHB Ben Wilson 0-0: Ball
1-0: Called Strike
1-1: Fly out, F8 (Flyball, 8RS)
Batting: SHB Jerry Young 0-0: Ball
1-0: Swinging Strike
1-1: Ball
2-1: Ball
3-1: Base on Balls
Batting: RHB Brent Allen 0-0: Ball
1-0: Called Strike
1-1: Swinging Strike
1-2: Strikes out swinging
Top of the 3rd over - 0 runs, 0 hits, 0 errors, 1 left on base; Jasper 3 - Chula Vista 1
BOTTOM OF THE 3RD
Chula Vista Tacos batting - Pitching for Jasper Cougars : LHP Logan Brown
Batting: RHB Gonzalo García 0-0: Called Strike
0-1: Ball
1-1: Ball
2-1: Foul Ball, location: 2F
2-2: Ball
3-2: Ground out 4-3 (Groundball, 4MS)
Batting: RHB Miguel Murillo 0-0: Ball
1-0: Called Strike
1-1: Swinging Strike
1-2: Foul Ball, location: 2F
1-2: Foul Ball, location: 2F
1-2: Foul Ball, location: 2F
1-2: Fly out, F3 (Popup, 3D)
Batting: RHB Valentín Saldaña 0-0: Ball
1-0: Ball
2-0: Ball
3-0: Base on Balls
Batting: RHB Nelson Wright 0-0: Foul Ball, location: 2F
0-1: DOUBLE (Groundball, 5L)
Valentín Saldaña to third
Runner from 3rd tries for Home, SAFE, no throw
Batting: RHB Dan Salazar 0-0: Ball
1-0: Ball
2-0: Swinging Strike
2-1: Ball
3-1: Called Strike
3-2: SINGLE (Groundball, 6MD)
Nelson Wright to third
Nelson Wright scores
Batting: SHB Tony Varela 0-0: Ground out 1-3 (Groundball, 13)
Bottom of the 3rd over - 2 runs, 2 hits, 0 errors, 1 left on base; Jasper 3 - Chula Vista 3
TOP OF THE 4TH
Jasper Cougars batting - Pitching for Chula Vista Tacos : LHP Bartolo Medine
Batting: RHB Alberto Morín 0-0: Ball
1-0: Called Strike
1-1: Foul Ball, location: 2F
1-2: Ball
2-2: Ball
3-2: Foul Ball, location: 2F
3-2: Strikes out swinging
Batting: RHB Alberto Castillo 0-0: Ball
1-0: DOUBLE (Flyball, 78D)
Batting: RHB Júlio González 0-0: Ball
1-0: Ball
2-0: Ball
3-0: Base on Balls
Batting: RHB Félix Sandoval 0-0: Foul Ball, location: 2F
0-1: Called Strike
Alberto Castillo steals 3rd base
Júlio González to second
0-2: Ball
1-2: Strikes out swinging
Batting: LHB Iván Soriano 0-0: Called Strike
0-1: Ball
1-1: Foul Ball, location: 2F
1-2: Strikes out swinging
Top of the 4th over - 0 runs, 1 hit, 0 errors, 2 left on base; Jasper 3 - Chula Vista 3
BOTTOM OF THE 4TH
Chula Vista Tacos batting - Pitching for Jasper Cougars : LHP Logan Brown
Batting: LHB Jean Beauchemin 0-0: Called Strike
0-1: Ball
1-1: Swinging Strike
1-2: Ball
2-2: Ground out 6-3 (Groundball, 6M)
Batting: RHB Guillermo Deleón 0-0: SINGLE (Flyball, 78S)
Batting: LHB Joe Lowery 0-0: Foul Ball, location: 2F
0-1: 2-RUN HOME RUN (Flyball, 9D), Distance : 416 ft
Batting: RHB Gonzalo García 0-0: Ball
1-0: Ground out 2-3 (Groundball, 15S)
Batting: RHB Miguel Murillo 0-0: Ball
1-0: DOUBLE (Flyball, 8LXD)
Batting: RHB Valentín Saldaña 0-0: Ball
1-0: Foul Ball, location: 2F
1-1: Foul Ball, location: 2F
1-2: Ball
2-2: Ball
3-2: Foul Ball, location: 2F
3-2: Base on Balls
Batting: RHB Nelson Wright 0-0: Reached on error, E1 (Groundball, P)
Miguel Murillo to third
Valentín Saldaña to second
Batting: RHB Dan Salazar 0-0: Ball
1-0: Ball
2-0: Called Strike
2-1: Called Strike
2-2: Ball
3-2: Base on Balls
Miguel Murillo scores
Valentín Saldaña to third
Nelson Wright to second
Batting: SHB Tony Varela 0-0: Ball
1-0: Ball
2-0: Ball
3-0: Base on Balls
Valentín Saldaña scores
Nelson Wright to third
Dan Salazar to second
Pitching: RHP Troy Perkins
Batting: LHB Jean Beauchemin 0-0: Ball
1-0: Ball
2-0: Foul Ball, location: 2F
2-1: Called Strike
2-2: Strikes out swinging
Bottom of the 4th over - 4 runs, 3 hits, 1 error, 3 left on base; Jasper 3 - Chula Vista 7
TOP OF THE 5TH
Jasper Cougars batting - Pitching for Chula Vista Tacos : LHP Bartolo Medine
Batting: LHB Luis García 0-0: Ball
1-0: Ball
2-0: Ball
3-0: Base on Balls
Batting: RHB Ben Wilson 0-0: Ball
1-0: Foul Ball, location: 2F
1-1: Ball
2-1: Ball
3-1: Foul Ball, location: 2F
3-2: Fly out, F7 (Flyball, 7LS)
Batting: SHB Jerry Young 0-0: Ball
1-0: Foul Ball, location: 2F
1-1: Foul Ball, location: 2F
1-2: Ball
2-2: Ball
3-2: Foul Ball, location: 2F
3-2: Base on Balls
Luis García to second
Batting: RHB Brent Allen 0-0: Ball
1-0: SINGLE (Groundball, 56) (infield hit)
Luis García to third
Jerry Young to second
Batting: RHB Alberto Morín 0-0: Foul Ball, location: 2F
0-1: Ball
1-1: Swinging Strike
1-2: Foul Ball, location: 2F
1-2: Fly out, F9 (Line Drive, 89M)
Runner from 3rd tags up, SCORES, no throw
Pitching: LHP Craig Grant
Batting: RHB Alberto Castillo 0-0: Ball
1-0: Ball
2-0: Ball
3-0: Called Strike
3-1: Called Strike
3-2: Base on Balls
Jerry Young to third
Brent Allen to second
Batting: RHB Júlio González 0-0: Ball
1-0: Ball
2-0: SINGLE (Groundball, 56D)
Jerry Young scores
Brent Allen to third
Alberto Castillo to second
Runner from 3rd tries for Home, throw and OUT!
Top of the 5th over - 2 runs, 2 hits, 0 errors, 2 left on base; Jasper 5 - Chula Vista 7
BOTTOM OF THE 5TH
Chula Vista Tacos batting - Pitching for Jasper Cougars : RHP Troy Perkins
Batting: RHB Guillermo Deleón 0-0: Ball
1-0: SINGLE (Line Drive, 56D)
Batting: LHB Joe Lowery 0-0: Ball
1-0: Foul Ball, location: 2F
1-1: Ball
2-1: Swinging Strike
2-2: Foul Ball, location: 2F
2-2: Fielders Choice at 2nd, 6-4 (Groundball, 6M)
Batting: RHB Gonzalo García 0-0: Ball
1-0: Called Strike
1-1: Foul Ball, location: 2F
1-2: Ball
2-2: Foul Ball, location: 2F
2-2: Strikes out looking
Batting: RHB Miguel Murillo 0-0: Called Strike
0-1: Ball
1-1: Swinging Strike
1-2: Strikes out looking
Bottom of the 5th over - 0 runs, 1 hit, 0 errors, 1 left on base; Jasper 5 - Chula Vista 7
TOP OF THE 6TH
Jasper Cougars batting - Pitching for Chula Vista Tacos : LHP Craig Grant
Batting: RHB Félix Sandoval 0-0: SINGLE (Groundball, 6D)
Batting: LHB Iván Soriano 0-0: Called Strike
0-1: Swinging Strike
0-2: Ball
1-2: Ball
2-2: Foul Ball, location: 2F
2-2: Foul Ball, location: 2F
2-2: Strikes out swinging
Batting: LHB Luis García 0-0: Grounds into double play, 4-6-3 (Groundball, 4)
Top of the 6th over - 0 runs, 1 hit, 0 errors, 0 left on base; Jasper 5 - Chula Vista 7
BOTTOM OF THE 6TH
Chula Vista Tacos batting - Pitching for Jasper Cougars : RHP Troy Perkins
Batting: RHB Valentín Saldaña 0-0: Called Strike
0-1: Ball
1-1: Swinging Strike
1-2: Foul Ball, location: 2F
1-2: Foul Ball, location: 2F
1-2: Foul Ball, location: 2F
1-2: Strikes out swinging
Batting: RHB Nelson Wright 0-0: Foul Ball, location: 2F
0-1: SOLO HOME RUN (Line Drive, 7LD), Distance : 386 ft
Batting: RHB Dan Salazar 0-0: Called Strike
0-1: Ball
1-1: Ball
2-1: Ball
3-1: Called Strike
3-2: Foul Ball, location: 2F
3-2: Foul Ball, location: 2F
3-2: Foul Ball, location: 2F
3-2: Base on Balls
Batting: SHB Tony Varela 0-0: Ball
1-0: Ball
2-0: Ball
3-0: Base on Balls
Dan Salazar to second
Batting: LHB Jean Beauchemin 0-0: DOUBLE (Line Drive, 89D)
Dan Salazar scores
Tony Varela to third
Pitching: LHP Alberto Guerra
Batting: RHB Guillermo Deleón 0-0: Intentional Walk
Batting: LHB Joe Lowery 0-0: Ball
1-0: Called Strike
1-1: Fly out, F7 (Flyball, 7LS)
Runner from 3rd tags up, SCORES, no throw
Batting: RHB Gonzalo García 0-0: Called Strike
0-1: Ball
1-1: Ball
2-1: Ball
3-1: Foul Ball, location: 2F
3-2: Fly out, F6 (Line Drive, 6MD)
Bottom of the 6th over - 3 runs, 2 hits, 0 errors, 2 left on base; Jasper 5 - Chula Vista 10
TOP OF THE 7TH
Jasper Cougars batting - Pitching for Chula Vista Tacos : LHP Craig Grant
Batting: RHB Ben Wilson 0-0: Ball
1-0: Ball
2-0: Ball
3-0: Base on Balls
Batting: SHB Jerry Young 0-0: Ball
1-0: Ball
2-0: Ball
3-0: Called Strike
3-1: Foul Ball, location: 2F
3-2: Ground out 6-3 (Groundball, 6)
Ben Wilson to second
Batting: RHB Brent Allen 0-0: Ball
Ben Wilson is caught stealing 3rd base
1-0: Ball
2-0: Foul Ball, location: 2F
2-1: Ball
3-1: Base on Balls
Batting: RHB Alberto Morín 0-0: Swinging Strike
0-1: Foul Ball, location: 2F
0-2: Strikes out swinging
Top of the 7th over - 0 runs, 0 hits, 0 errors, 1 left on base; Jasper 5 - Chula Vista 10
BOTTOM OF THE 7TH
Chula Vista Tacos batting - Pitching for Jasper Cougars : LHP Alberto Guerra
Batting: RHB Miguel Murillo 0-0: Called Strike
0-1: Ground out 6-3 (Groundball, 6)
Batting: RHB Valentín Saldaña 0-0: Fly out, F9 (Flyball, 9S)
Batting: RHB Nelson Wright 0-0: Ball
1-0: Called Strike
1-1: SINGLE (Groundball, 6D)
Batting: RHB Dan Salazar 0-0: Called Strike
0-1: Swinging Strike
0-2: Fly out, F8 (Flyball, 8LD)
Bottom of the 7th over - 0 runs, 1 hit, 0 errors, 1 left on base; Jasper 5 - Chula Vista 10
TOP OF THE 8TH
Jasper Cougars batting - Pitching for Chula Vista Tacos : LHP Craig Grant
Now at 1B: Eric Green
Batting: RHB Alberto Castillo 0-0: Called Strike
0-1: Called Strike
0-2: Strikes out looking
Batting: RHB Júlio González 0-0: Ball
1-0: Foul Ball, location: 2F
1-1: Hit by Pitch
Batting: RHB Félix Sandoval 0-0: Ball
1-0: Called Strike
1-1: Grounds into double play, 6-4-3 (Groundball, 6)
Top of the 8th over - 0 runs, 0 hits, 0 errors, 0 left on base; Jasper 5 - Chula Vista 10
BOTTOM OF THE 8TH
Chula Vista Tacos batting - Pitching for Jasper Cougars : LHP Alberto Guerra
Batting: SHB Tony Varela 0-0: Called Strike
0-1: Called Strike
0-2: Ball
1-2: Ball
2-2: Ball
3-2: Base on Balls
Batting: LHB Jean Beauchemin 0-0: Ball
Tony Varela steals 2nd base
1-0: Swinging Strike
1-1: Ball
2-1: Swinging Strike
2-2: Foul Ball, location: 2F
2-2: Ball
3-2: Foul Ball, location: 2F
3-2: Foul Ball, location: 2F
3-2: Base on Balls
Batting: RHB Guillermo Deleón 0-0: Ball
1-0: SINGLE (Groundball, 56D)
Tony Varela to third
Jean Beauchemin to second
Batting: LHB Joe Lowery 0-0: Ball
1-0: Foul Ball, location: 2F
1-1: Ball
2-1: Called Strike
2-2: Ball
3-2: Base on Balls
Tony Varela scores
Jean Beauchemin to third
Guillermo Deleón to second
Batting: RHB Gonzalo García 0-0: Grounds into double play, 5-4-3 (Groundball, 5)
Jean Beauchemin scores
Guillermo Deleón to third
Batting: RHB Miguel Murillo 0-0: Fly out, F7 (Flyball, 7)
Bottom of the 8th over - 2 runs, 1 hit, 0 errors, 1 left on base; Jasper 5 - Chula Vista 12
TOP OF THE 9TH
Jasper Cougars batting - Pitching for Chula Vista Tacos : LHP Craig Grant
Batting: LHB Iván Soriano 0-0: Ball
1-0: Called Strike
1-1: Foul Ball, location: 2F
1-2: Strikes out swinging
Batting: LHB Luis García 0-0: Called Strike
0-1: Foul Ball, location: 2F
0-2: Ball
1-2: Foul Ball, location: 2F
1-2: Ball
2-2: Fly out, F4 (Popup, 4D)
Batting: RHB Ben Wilson 0-0: Ball
1-0: Called Strike
1-1: Ground out 6-3 (Groundball, 6)
Top of the 9th over - 0 runs, 0 hits, 0 errors, 0 left on base; Jasper 5 - Chula Vista 12
Saturday, April 7th, 2018 - OOTP Baseball 18.8 Build 76